 Dungeon Crawl Stone Soup version 0.23.1 (webtiles) character file.

Game seed: 0

191 Borgoz the Skirmisher (level 5, -1/46 HPs)
             Began as a Ghoul Monk on Mar 15, 2019.
             Was a Believer of Ashenzari.
             Killed from afar by an orc wizard (6 damage)
             ... with a magic dart
             ... on level 3 of the Dungeon on Mar 16, 2019.
             The game lasted 00:06:13 (2108 turns).

Borgoz the Skirmisher (Ghoul Monk)                  Turns: 2108, Time: 00:06:14

Health: -1/46      AC:  4    Str: 15    XL:     5   Next: 70%
Magic:  4/4        EV: 13    Int:  5    God:    Ashenzari [**....]
Gold:   172        SH:  0    Dex: 12    Spells: 4/4 levels left

rFire    . . .     SeeInvis .   e - +0 dagger (speed)
rCold    + . .     Gourm    .   (no shield)
rNeg     + + +     Faith    .   b - +0 robe
rPois    ∞         Spirit   .   h - +0 helmet
rElec    .         Reflect  .   (no cloak)
rCorr    .         Harm     .   m - +0 pair of gloves
MR       .....                  (no boots)
Stlth    ++........             (no amulet)
HPRegen  0.00/turn              (no ring)
MPRegen  0.09/turn              (no ring)

@: rotting
A: rotting body, claws 1, carnivore, cold resistance 1, negative energy
resistance 3, inhibited regeneration, torment resistance, unbreathing
a: Curse Item, Scrying, Renounce Religion


You were on level 3 of the Dungeon.
You worshipped Ashenzari.
Ashenzari was pleased with you.
You were not hungry.

You visited 1 branch of the dungeon, and saw 3 of its levels.

You collected 172 gold pieces.

Inventory:

Hand Weapons
 e - a +0 dagger of speed (weapon)
Missiles
 j - 2 tomahawks (quivered)
Armour
 b - a +0 robe (worn)
 h - a +0 helmet (worn)
 m - a +0 pair of gloves (worn)
Jewellery
 o - an uncursed ring of protection from fire
Scrolls
 a - a scroll of magic mapping {unknown}
 d - a scroll of enchant armour {unknown}
 g - 2 scrolls of remove curse
 i - a scroll of enchant weapon {unknown}
 k - a scroll of random uselessness {unknown}
 l - 2 scrolls of amnesia {unknown}
 n - 2 scrolls of identify {unknown}
Comestibles
 c - 4 rations


   Skills:
 + Level 4.0 Fighting
 * Level 3.7 Short Blades
 * Level 2.2 Armour
 + Level 3.2 Dodging
 + Level 3.3 Stealth


You had 4 spell levels left.
You didn't know any spells.
Your spell library was empty.

Dungeon Overview and Level Annotations

Branches:
Dungeon (3/15)

Altars:
Ashenzari
Makhleb


Innate Abilities, Weirdness & Mutations

Your body is rotting away.
You thrive on raw meat.
You are immune to poison.
You have sharp fingernails.
You are carnivorous and can eat meat at any time.
Your flesh is cold resistant. (rC+)
You are immune to negative energy. (rN+++)
You do not regenerate when monsters are visible.
You are immune to unholy pain and torment.
You can survive without breathing.


Message History

The orc priest is lightly wounded.
The orc priest barely misses you.
You barely miss the orc priest.
The orc priest is lightly wounded.
The orc wizard points at you and mumbles some strange words.
The magic dart hits you!
You hit the orc priest.
The orc priest is moderately wounded.
The orc wizard gestures wildly while chanting.
The orc wizard blinks!
The orc priest mumbles some strange prayers to Beogh against you.
Beogh smites you!
* * * LOW HITPOINT WARNING * * *
The orc priest begins to cast a cantrip, but forgets the words!
The orc wizard closely misses you.
You closely miss the orc wizard. The orc wizard misses you.
You completely miss the orc wizard.
The orc wizard points at you and mumbles some strange words.
The magic dart hits you.
You die...

, * #.#######..# , ,
* #.# ##.##
.#######.# #..# ,,
,.........# ##.#
#######..# #.#
##....## ####..
#..#...## ##∩####
#.##....# ##._.# #
*** *
#@##....###.†..# * *
#o####...##...##,
.).....o...##..###.##
#.!......>.###..#..#
* #..........#
##...## #..........#
##.## ##.........#
### #..%....####
#.......#


You could see an orc priest and an orc wizard.

Vanquished Creatures
  A hound (D:3)
  3 gnolls (D:2)
  7 adders
  An ooze (D:2)
  2 worms
  3 dart slugs
  2 leopard geckos (D:2)
  3 orcs (D:3)
  4 bats
  A giant cockroach (D:3)
  6 goblins
  3 hobgoblins
  4 jackals
  A quokka (D:2)
  A ball python (D:3)
  2 frilled lizards
  5 kobolds
  6 rats
55 creatures vanquished.

Notes
Turn   | Place    | Note
-------+----------+-------------------------------------------
     0 | D:1      | Borgoz the Ghoul Monk began the quest for the Orb.
     0 | D:1      | Reached XP level 1. HP: 19/19 MP: 0/0
   260 | D:1      | Reached XP level 2. HP: 13/26 MP: 1/1
   491 | D:2      | HP: 1/25 [adder (2)]
   510 | D:2      | Reached skill level 1 in Armour
   520 | D:2      | Reached XP level 3. HP: 24/29 MP: 2/2
   728 | D:2      | Found a shattered altar of Ashenzari.
   739 | D:2      | Became a worshipper of Ashenzari the Shackled
   739 | D:2      | Reached * piety under Ashenzari
   739 | D:2      | Reached ** piety under Ashenzari
   933 | D:2      | Reached XP level 4. HP: 40/40 MP: 3/3
  1490 | D:2      | Reached XP level 5. HP: 11/46 MP: 4/4
  2023 | D:3      | Found a burning altar of Makhleb.
  2070 | D:3      | Reached skill level 4 in Fighting
  2108 | D:3      | Killed from afar by an orc wizard

Skill      XL: |  1  2  3  4  5 |
---------------+----------------+-----
Armour         | 1 2 |  2.2
Short Blades   | 3 |  3.7
Dodging        | 3 |  3.2
Stealth        | 3 |  3.3
Fighting       | 4 |  4.0

Action                   |  1- 3 |  4- 6 || total
-------------------------+-------+-------++-------
Melee: Short sword       |    83 |       ||    83
       Dagger            |    35 |   251 ||   286
  Use: Potion            |     1 |     2 ||     3
 Stab: Sleeping          |     3 |     3 ||     6
  Eat: Chunk             |    10 |    17 ||    27
Armor: Robe              |    18 |    19 ||    37
Dodge: Dodged            |    87 |   120 ||   207
